 Dungeon Crawl Stone Soup version 0.31-a0-1074-g0b22e4e0f1 (webtiles) character file.

Game seed: 15208943939185048619

104 grandjackal the Slasher (level 4, -2/35 HPs)
             Began as a Demonspawn Gladiator on Nov 29, 2023.
             Slain by a goblin
             ... wielding a +2 vampiric dagger
             ... led by Robin
              (3 damage)
             ... on level 3 of the Dungeon.
             The game lasted 00:01:58 (1677 turns).

grandjackal the Slasher (Demonspawn Gladiator)      Turns: 1677, Time: 00:01:59

Health: -2/35      AC:  5    Str: 15    XL:     4   Next: 52%
Magic:  4/4        EV: 13    Int:  9    God:
Gold:   95         SH:  0    Dex: 16    Spells: 3/3 levels left

rFire   . . .        a - +0 long sword
rCold   . . .        (no shield)
rNeg    . . .        b - +0 leather armour
rPois   .            c - +0 helmet
rElec   .            (no cloak)
rCorr   .            i - +0 pair of gloves
SInv    .            (no boots)
Will    .....        (no amulet)
Stlth   +            (no ring)
HPRegen 0.25/turn    (no ring)
MPRegen 0.09/turn

%: no passive effects
@: no status effects
A: demonic touch 1
a: no special abilities


You were on level 3 of the Dungeon.
You visited 1 branch of the dungeon, and saw 3 of its levels.

You collected 95 gold pieces.

Inventory:

Hand Weapons
 a - a +0 long sword (weapon)
 o - a +0 rapier
Missiles
 d - 3 throwing nets (quivered)
 e - 5 javelins
Armour
 b - a +0 leather armour (worn)
 c - a +0 helmet (worn)
 i - a +0 pair of gloves (worn)
Jewellery
 f - an amulet of reflection
Scrolls
 g - 4 scrolls of identify {unknown}
 l - a scroll of poison {unknown}
Potions
 h - a potion of enlightenment {unknown}
 j - a potion of lignification {unknown}
 k - a potion of haste {unknown}
 m - a potion of might {unknown}
 n - a potion of heal wounds {unknown}
 p - 2 potions of invisibility {unknown}
 q - a potion of mutation {unknown}
 r - a potion of curing {unknown}


   Skills:
 + Level 3.1 Fighting
 + Level 3.5 Long Blades
 - Level 2.0 Throwing
 + Level 3.4 Dodging


You had 3 spell levels left.
You didn't know any spells.
Your spell library was empty.

Dungeon Overview and Level Annotations

Branches:
Dungeon (3/15)

Altars:
Dithmenos

Annotations:
D:3 Robin


Innate Abilities, Weirdness & Mutations

Your touch may inflict minor irresistible damage on your foes.


Message History

You are too injured to fight recklessly!
You are too injured to fight recklessly!
You are too injured to fight recklessly!
Unknown command.
You barely miss the goblin. Your touch misses the goblin.
Robin barely misses you. The goblin barely misses you.
The goblin hits you but does no damage.
Unknown command.
You hit the goblin.
The goblin is severely wounded.
Robin hits you but does no damage. The goblin hits you with a +0 dagger.
A goblin comes into view. It is wielding a +0 dagger.
The goblin hits you with a +0 club.
Unknown command.
You hit the goblin but do no damage. Your touch misses the goblin.
The goblin is severely wounded.
Robin throws the goblin at you!
The goblin hits you but does no damage. x2
Robin completely misses you. The goblin completely misses you.
The goblin barely misses you.
Unknown command.
You hit the goblin.
You kill the goblin!
Robin hits you with a +0 spear.
* * * LOW HITPOINT WARNING * * *
The goblin misses you.
The goblin hits you with a +2 vampiric dagger.
* * * LOW HITPOINT WARNING * * *
You closely miss the goblin.
The goblin is severely wounded.
Robin throws the goblin at you! The goblin hits you with a +0 dagger.
* * * LOW HITPOINT WARNING * * *
The goblin closely misses you. The goblin hits you but does no damage.
Unknown command.
You closely miss the goblin.
The goblin is severely wounded.
Robin hits you with a +0 spear.
* * * LOW HITPOINT WARNING * * *
The goblin misses you. The goblin barely misses you.
The goblin hits you with a +2 vampiric dagger.
You die...

#################
##≈≈..#...#......#
#≈≈≈.)'...'......#
##≈≈≈..#...#......#
#≈≈#########..##''#
###≈≈#........†.#
..#
#....'......)...#
..#
#....'......).gg#
..#
##....'........)@#


gg# ....≈≈#........gg# gg# #.##≈≈#########.)# gg# .....≈≈≈..#...#..#
>....≈≈≈.)'...'..# ......≈≈.)#...##### ......≈≈..#####)..# ......≈≈..........#
......≈≈≈.........# You could see Robin and 3 goblins.

Vanquished Creatures
  An orc wizard (D:3)
  An adder (D:2)
  A worm (D:2)
  A dart slug (D:3)
  2 orcs
  2 bats (D:1)
  5 endoplasms
  2 giant cockroaches
  12 goblins
  9 hobgoblins
  3 jackals (D:3)
  A quokka (D:3)
  9 ball pythons
  4 frilled lizards
  3 kobolds (D:1)
  2 rats
58 creatures vanquished.

Notes
Turn   | Place    | Note
-------+----------+-------------------------------------------
     0 | D:1      | grandjackal the Demonspawn Gladiator began the quest for
                  | the Orb.
     0 | D:1      | Reached XP level 1. HP: 16/16 MP: 1/1
   155 | D:1      | Gained mutation: Your touch may inflict minor irresistible
                  | damage on your foes. [demonic ancestry]
   155 | D:1      | Reached XP level 2. HP: 22/22 MP: 2/2
   602 | D:2      | Reached XP level 3. HP: 27/28 MP: 3/3
   924 | D:2      | Found a shadowy altar of Dithmenos.
  1466 | D:3      | Reached XP level 4. HP: 31/35 MP: 4/4
  1662 | D:3      | Noticed Robin
  1677 | D:3      | HP: 1/35 [Robin/+0 spear (5)]
  1677 | D:3      | Slain by a goblin

Illustrated notes

Levels and vault maps discovered:
D:1:      kennysheep_arrival_forest, layout_rooms
D:2:      layout_loops_ring, serial_aquarium, aquarium_bridge_square
          [aquarium_subvault_wall, aquarium_subvault_wall,
          aquarium_subvault_wall, aquarium_subvault_bridge],
          aquarium_bridge_straight [aquarium_subvault_bridge,
          aquarium_subvault_wall, aquarium_subvault_bridge,
          aquarium_subvault_window], aquarium_window_corner,
          aquarium_window_fake, aquarium_window_corridor_3,
          aquarium_window_corner, aquarium_view_2c, aquarium_pool_side,
          basic_altar
D:3:      kennysheep_goblin_castle, layout_basic,
          hellmonk_ghost_happy_afterlife, kennysheep_generic_room_13

Skill      XL: |  1  2  3 |
---------------+----------+-----
Throwing       | 2 |  2.0
Long Blades    | 3 |  3.5
Dodging        | 3 |  3.4
Fighting       | 3 |  3.1

Action                     |  1- 3 |  4- 6 || total
---------------------------+-------+-------++-------
  Melee: Long sword        |    83 |    49 ||   132
         Touch             |    13 |     5 ||    18
         Punch             |     1 |       ||     1
   Stab: Sleeping          |     1 |       ||     1
 Armour: Leather armour    |    50 |    46 ||    96
  Dodge: Dodged            |    45 |    49 ||    94

Table legend: (Time is in decaauts)
 A = Elapsed time spent in this place.
 B = Non-inter-level travel time spent in this place.
 C = Inter-level travel time spent in this place.
 D = Time resting spent in this place.
 E = Time spent auto-exploring this place.
 F = Levels seen in this place.
 G = Mean time per level.
                   A        B        C        D        E       F      G
               +--------+--------+--------+--------+--------+-----+--------+
         Total |   1709 |   1626 |     83 |     43 |   1167 |   3 |  569.7 |
       Dungeon |   1709 |   1626 |     83 |     43 |   1167 |   3 |  569.7 |
               +--------+--------+--------+--------+--------+-----+--------+

Top non-repeatable levels by time:
     D:2: 783 daAuts
     D:1: 602 daAuts
     D:3: 323 daAuts
